[ PARTIDA AOE2 · #490558367 ]
UnrankedHunos vs Franks
[ ANÁLISIS DE REPETICIÓN · EXTRAÍDO DE LA PARTIDA GRABADA ]
Feudal
8:08
Castillos
11:51
Imperial
33:12
| APM promedio | 28.4 |
| APM pico | 56 |
| eAPM promedio | 15.6 |
| Aldeanos / militares | 123 / 135 |
Foco
⚔️ 49.3% · 🌾 50.7%
Cavalry Archer ×132 · Monk ×2 · Archer ×1
Feudal
8:27
Castillos
12:01
Imperial
—
| APM promedio | 29.9 |
| APM pico | 65 |
| eAPM promedio | 19.5 |
| Aldeanos / militares | 77 / 143 |
Foco
⚔️ 37.9% · 🌾 62.1%
Spearman ×76 · Huskarl ×42 · Mangonel ×13 · Battering Ram ×12
Feudal
8:00
Castillos
12:05
Imperial
26:34
| APM promedio | 25.3 |
| APM pico | 53 |
| eAPM promedio | 15.8 |
| Aldeanos / militares | 128 / 223 |
Foco
⚔️ 31.2% · 🌾 68.8%
Scout Cavalry ×110 · Knight ×101 · Trebuchet (Packed) ×6 · Monk ×3 · Throwing Axeman ×2 · Spearman ×1
Feudal
8:26
Castillos
12:00
Imperial
39:44
| APM promedio | 34.2 |
| APM pico | 91 |
| eAPM promedio | 22.0 |
| Aldeanos / militares | 161 / 118 |
Foco
⚔️ 42.8% · 🌾 57.2%
Ratha (Ranged) ×105 · Monk ×5 · Trebuchet (Packed) ×5 · Petard ×3
Feudal
8:26
Castillos
12:01
Imperial
28:03
| APM promedio | 20.8 |
| APM pico | 39 |
| eAPM promedio | 13.5 |
| Aldeanos / militares | 86 / 134 |
Foco
⚔️ 34.9% · 🌾 65.1%
Coustillier ×52 · Spearman ×39 · Knight ×36 · Monk ×4 · Trebuchet (Packed) ×3
Feudal
6:50
Castillos
14:33
Imperial
26:58
| APM promedio | 50.4 |
| APM pico | 119 |
| eAPM promedio | 32.7 |
| Aldeanos / militares | 99 / 181 |
Foco
⚔️ 65.4% · 🌾 34.6%
Steppe Lancer ×96 · Scout Cavalry ×45 · Scorpion ×31 · Keshik ×9 · Unknown (1263) ×3
Mapa de la partida
Recursos iniciales + cada clic de construcción. Líneas = muros · curvas = relieve. ◆ oro · ⬟ piedra · ● bayas · ✦ reliquia · ◌ hueco del cierre
Tu base· ✓ Cerrada en 11:51 · 0t muro · 5 puerta(s)
Base de 105er.ahnungslos90· ✓ Cerrada en 12:01 · 0t muro · 4 puerta(s)
Base de Grumpy_Beto· ✓ Cerrada en 12:05 · 0t muro · 6 puerta(s)
Base de German3333· ✓ Cerrada en 12:00 · 0t muro · 7 puerta(s)
Base de 105er.Genius· ✓ Cerrada en 12:01 · 0t muro · 7 puerta(s)
Base de Akazaa· ✓ Cerrada en 14:33 · 19t muro · 8 puerta(s)
Terreno inicial suavizado · ◌ = hueco del cierre detectado · pasá el cursor para detalles
Inputs por minuto
— 105er.DarkSheep - - 105er.ahnungslos90
Build order — 105er.DarkSheep
Primeras 150 de 274 acciones detectadas
| 0:03 | Encolar | Villager (Male) ×4 |
| 0:03 | Encolar | Villager (Male) ×4 |
| 0:20 | Construir | Lumber Camp |
| 1:19 | Encolar | Villager (Male) |
| 1:19 | Encolar | Villager (Male) |
| 1:50 | Encolar | Villager (Male) |
| 2:12 | Construir | Mill |
| 2:38 | Encolar | Villager (Male) |
| 2:39 | Encolar | Villager (Male) |
| 3:02 | Encolar | Villager (Male) |
| 3:25 | Encolar | Villager (Male) |
| 3:33 | Encolar | Villager (Male) |
| 4:13 | Encolar | Villager (Male) |
| 4:51 | Construir | Farm |
| 4:52 | Construir | Farm |
| 4:57 | Construir | Farm |
| 5:02 | Encolar | Villager (Male) |
| 5:20 | Encolar | Villager (Male) |
| 5:25 | Encolar | Villager (Male) |
| 5:39 | Construir | Mining Camp |
| 5:47 | Investigar | Feudal Age |
| 5:50 | Construir | Farm |
| 6:10 | Construir | Farm |
| 6:14 | Encolar | Villager (Male) |
| 6:14 | Encolar | Villager (Male) |
| 8:08 | Edad | Edad Feudal |
| 8:10 | Construir | Blacksmith |
| 8:20 | Construir | Archery Range |
| 9:11 | Investigar | Castle Age |
| 9:22 | Investigar | Double-Bit Axe |
| 9:32 | Investigar | Horse Collar |
| 9:55 | Investigar | Gold Mining |
| 10:15 | Investigar | Fletching |
| 10:40 | Construir | Archery Range |
| 10:55 | Encolar | Villager (Male) |
| 11:13 | Encolar | Villager (Male) |
| 11:51 | Edad | Edad de los Castillos |
| 11:52 | Encolar | Cavalry Archer |
| 11:52 | Encolar | Cavalry Archer |
| 12:16 | Investigar | Bodkin Arrow |
| 12:17 | Investigar | Bodkin Arrow |
| 12:18 | Encolar | Cavalry Archer |
| 12:18 | Encolar | Cavalry Archer |
| 12:38 | Encolar | Cavalry Archer |
| 12:44 | Construir | Farm |
| 12:45 | Encolar | Villager (Male) |
| 12:50 | Construir | Farm |
| 12:50 | Construir | Farm |
| 12:56 | Encolar | Cavalry Archer |
| 13:22 | Construir | University |
| 13:34 | Encolar | Villager (Male) |
| 13:34 | Encolar | Cavalry Archer |
| 13:35 | Encolar | Cavalry Archer |
| 13:35 | Encolar | Cavalry Archer |
| 13:51 | Encolar | Villager (Male) |
| 14:09 | Encolar | Cavalry Archer |
| 14:09 | Encolar | Cavalry Archer |
| 14:10 | Encolar | Villager (Male) |
| 14:18 | Encolar | Cavalry Archer |
| 14:19 | Encolar | Villager (Male) |
| 14:33 | Construir | Farm |
| 14:52 | Encolar | Villager (Male) |
| 14:54 | Encolar | Cavalry Archer |
| 14:59 | Construir | Farm |
| 15:00 | Construir | Farm |
| 15:07 | Encolar | Villager (Male) |
| 15:08 | Encolar | Archer |
| 15:09 | Encolar | Cavalry Archer |
| 15:58 | Encolar | Villager (Male) |
| 15:59 | Encolar | Villager (Male) |
| 16:26 | Investigar | Ballistics |
| 16:34 | Investigar | Bow Saw |
| 16:35 | Encolar | Villager (Male) |
| 16:53 | Investigar | Ballistics |
| 16:54 | Investigar | Ballistics |
| 17:01 | Encolar | Villager (Male) |
| 17:08 | Encolar | Cavalry Archer |
| 17:29 | Encolar | Villager (Male) |
| 17:31 | Encolar | Cavalry Archer |
| 17:45 | Construir | Market |
| 17:54 | Investigar | Padded Archer Armor |
| 17:54 | Encolar | Villager (Male) |
| 17:55 | Encolar | Cavalry Archer |
| 18:28 | Construir | Stable |
| 18:30 | Encolar | Cavalry Archer |
| 18:33 | Encolar | Villager (Male) |
| 18:34 | Encolar | Villager (Male) |
| 18:42 | Encolar | Villager (Male) |
| 18:44 | Encolar | Cavalry Archer |
| 18:45 | Encolar | Cavalry Archer |
| 19:09 | Investigar | Thumb Ring |
| 19:21 | Encolar | Cavalry Archer |
| 19:31 | Construir | Farm |
| 19:49 | Construir | Town Center |
| 19:51 | Encolar | Cavalry Archer |
| 19:51 | Encolar | Cavalry Archer |
| 19:52 | Encolar | Villager (Male) |
| 19:52 | Encolar | Villager (Male) |
| 20:28 | Encolar | Cavalry Archer |
| 20:29 | Encolar | Villager (Male) |
| 20:30 | Investigar | Leather Archer Armor |
| 20:39 | Construir | Farm |
| 21:25 | Encolar | Villager (Male) |
| 21:26 | Encolar | Cavalry Archer |
| 21:27 | Encolar | Cavalry Archer |
| 21:31 | Encolar | Villager (Male) |
| 21:31 | Encolar | Villager (Male) |
| 21:32 | Encolar | Villager (Male) |
| 21:37 | Encolar | Cavalry Archer |
| 21:37 | Encolar | Cavalry Archer |
| 21:37 | Encolar | Cavalry Archer |
| 22:07 | Investigar | Bloodlines |
| 22:15 | Construir | Farm |
| 22:17 | Encolar | Cavalry Archer |
| 22:18 | Encolar | Cavalry Archer |
| 22:49 | Construir | Farm |
| 22:51 | Encolar | Villager (Male) |
| 22:58 | Construir | Mining Camp |
| 23:24 | Encolar | Cavalry Archer |
| 23:24 | Encolar | Cavalry Archer |
| 23:24 | Encolar | Cavalry Archer |
| 23:25 | Encolar | Villager (Male) |
| 23:25 | Encolar | Villager (Male) |
| 23:26 | Investigar | Wheelbarrow |
| 23:34 | Construir | Town Center |
| 23:37 | Encolar | Cavalry Archer |
| 23:45 | Encolar | Villager (Male) |
| 23:45 | Encolar | Villager (Male) |
| 23:47 | Encolar | Cavalry Archer |
| 23:54 | Construir | Archery Range |
| 23:59 | Construir | Farm |
| 24:00 | Construir | Farm |
| 24:00 | Construir | Farm |
| 24:07 | Construir | Farm |
| 24:17 | Construir | Farm |
| 24:19 | Investigar | Husbandry |
| 24:20 | Encolar | Villager (Male) |
| 24:35 | Encolar | Villager (Male) |
| 24:36 | Investigar | Loom |
| 24:39 | Encolar | Cavalry Archer |
| 24:42 | Encolar | Cavalry Archer |
| 24:51 | Encolar | Cavalry Archer |
| 24:58 | Construir | Farm |
| 25:05 | Encolar | Villager (Male) |
| 25:07 | Encolar | Cavalry Archer |
| 25:07 | Encolar | Cavalry Archer |
| 25:09 | Encolar | Villager (Male) |
| 25:09 | Encolar | Villager (Male) |
| 25:22 | Encolar | Villager (Male) |
| 25:27 | Encolar | Villager (Male) |
Build order — 105er.ahnungslos90
Primeras 150 de 295 acciones detectadas
| 0:07 | Construir | Lumber Camp |
| 0:33 | Construir | Mill |
| 0:38 | Encolar | Villager (Male) |
| 0:38 | Encolar | Villager (Male) |
| 0:38 | Encolar | Villager (Male) |
| 0:39 | Encolar | Villager (Male) |
| 0:59 | Encolar | Villager (Male) |
| 2:42 | Encolar | Villager (Male) |
| 3:07 | Encolar | Villager (Male) |
| 3:30 | Encolar | Villager (Male) |
| 3:50 | Encolar | Villager (Male) |
| 4:15 | Construir | Mining Camp |
| 4:19 | Encolar | Villager (Male) |
| 4:39 | Construir | Farm |
| 4:41 | Construir | Farm |
| 5:02 | Encolar | Villager (Male) |
| 5:02 | Encolar | Villager (Male) |
| 5:51 | Encolar | Villager (Male) |
| 5:56 | Construir | Farm |
| 6:01 | Investigar | Feudal Age |
| 6:12 | Construir | Farm |
| 6:21 | Construir | Farm |
| 6:52 | Encolar | Villager (Male) |
| 6:52 | Encolar | Villager (Male) |
| 8:27 | Edad | Edad Feudal |
| 8:32 | Construir | Market |
| 8:38 | Construir | Blacksmith |
| 9:21 | Investigar | Castle Age |
| 9:21 | Investigar | Castle Age |
| 9:26 | Investigar | Loom |
| 9:36 | Investigar | Town Watch |
| 9:38 | Investigar | Double-Bit Axe |
| 9:50 | Investigar | Horse Collar |
| 10:08 | Investigar | Scale Mail Armor |
| 10:20 | Encolar | Villager (Male) |
| 10:40 | Investigar | Gold Mining |
| 12:01 | Edad | Edad de los Castillos |
| 12:03 | Encolar | Villager (Male) |
| 12:10 | Construir | Siege Workshop |
| 12:27 | Encolar | Huskarl ×5 |
| 12:32 | Encolar | Villager (Male) |
| 12:48 | Encolar | Huskarl |
| 12:50 | Investigar | Bow Saw |
| 13:25 | Investigar | Loom |
| 13:35 | Construir | Mining Camp |
| 14:02 | Encolar | Villager (Male) |
| 14:02 | Encolar | Villager (Male) |
| 14:03 | Encolar | Villager (Male) |
| 14:03 | Encolar | Villager (Male) |
| 14:04 | Encolar | Villager (Male) |
| 14:04 | Encolar | Villager (Male) |
| 14:43 | Encolar | Villager (Male) |
| 14:43 | Encolar | Villager (Male) |
| 14:43 | Encolar | Villager (Male) |
| 14:49 | Encolar | Battering Ram |
| 14:49 | Encolar | Battering Ram |
| 15:01 | Encolar | Battering Ram |
| 15:04 | Encolar | Huskarl |
| 15:17 | Encolar | Huskarl |
| 15:47 | Encolar | Battering Ram |
| 16:12 | Construir | House |
| 16:14 | Construir | House |
| 16:20 | Construir | House |
| 16:29 | Construir | Lumber Camp |
| 16:30 | Encolar | Villager (Male) |
| 16:35 | Investigar | Town Watch |
| 16:35 | Investigar | Wheelbarrow |
| 16:42 | Encolar | Huskarl |
| 16:42 | Encolar | Huskarl |
| 16:43 | Encolar | Huskarl |
| 16:57 | Encolar | Huskarl |
| 16:57 | Encolar | Huskarl |
| 17:25 | Encolar | Battering Ram |
| 17:36 | Encolar | Huskarl |
| 17:36 | Encolar | Huskarl |
| 17:36 | Encolar | Huskarl |
| 17:53 | Construir | Outpost |
| 18:03 | Encolar | Mangonel |
| 18:03 | Encolar | Mangonel |
| 18:24 | Construir | House |
| 18:33 | Encolar | Villager (Male) |
| 18:33 | Encolar | Villager (Male) |
| 18:39 | Encolar | Huskarl |
| 19:03 | Encolar | Huskarl |
| 21:07 | Encolar | Battering Ram |
| 21:08 | Encolar | Battering Ram |
| 21:08 | Encolar | Battering Ram |
| 21:19 | Construir | Siege Workshop |
| 21:37 | Construir | Town Center |
| 21:39 | Encolar | Villager (Male) |
| 21:40 | Encolar | Villager (Male) |
| 21:40 | Encolar | Villager (Male) |
| 21:40 | Encolar | Villager (Male) |
| 21:45 | Encolar | Huskarl |
| 21:45 | Encolar | Huskarl |
| 21:45 | Encolar | Huskarl |
| 21:46 | Encolar | Huskarl |
| 21:46 | Encolar | Huskarl |
| 21:46 | Encolar | Huskarl |
| 22:25 | Construir | Barracks |
| 22:27 | Investigar | Pikeman (upgrade) |
| 22:48 | Encolar | Huskarl |
| 23:04 | Construir | Farm |
| 23:04 | Construir | Farm |
| 23:07 | Construir | Farm |
| 23:13 | Construir | Barracks |
| 23:26 | Encolar | Mangonel |
| 23:38 | Investigar | Squires |
| 23:42 | Construir | Farm |
| 24:13 | Construir | House |
| 24:21 | Encolar | Spearman |
| 24:21 | Encolar | Spearman |
| 24:22 | Encolar | Spearman |
| 24:22 | Encolar | Spearman |
| 24:32 | Encolar | Spearman |
| 24:32 | Encolar | Spearman |
| 24:33 | Encolar | Spearman |
| 25:18 | Encolar | Spearman |
| 25:18 | Encolar | Spearman |
| 25:20 | Construir | Barracks |
| 25:44 | Encolar | Battering Ram |
| 26:04 | Encolar | Mangonel |
| 26:08 | Construir | Barracks |
| 26:09 | Encolar | Spearman |
| 26:09 | Encolar | Spearman |
| 26:10 | Encolar | Spearman |
| 26:10 | Encolar | Spearman |
| 26:26 | Encolar | Spearman |
| 26:26 | Encolar | Spearman |
| 26:26 | Encolar | Spearman |
| 26:26 | Encolar | Spearman |
| 26:27 | Encolar | Spearman |
| 26:28 | Encolar | Villager (Male) |
| 26:28 | Encolar | Villager (Male) |
| 26:28 | Encolar | Villager (Male) |
| 26:46 | Construir | Farm |
| 26:47 | Construir | Farm |
| 27:02 | Encolar | Spearman |
| 27:03 | Construir | Barracks |
| 27:05 | Encolar | Spearman |
| 27:05 | Encolar | Spearman |
| 27:05 | Encolar | Spearman |
| 28:14 | Encolar | Spearman |
| 28:14 | Encolar | Spearman |
| 28:15 | Encolar | Spearman |
| 28:15 | Encolar | Spearman |
| 28:17 | Construir | Barracks |
| 28:28 | Construir | Barracks |
| 28:32 | Encolar | Villager (Male) |
| 28:32 | Encolar | Villager (Male) |
Build order — Grumpy_Beto
Primeras 150 de 368 acciones detectadas
| 0:00 | Encolar | Villager (Male) |
| 0:01 | Encolar | Villager (Male) |
| 0:01 | Encolar | Villager (Male) |
| 0:17 | Construir | House |
| 0:20 | Construir | Lumber Camp |
| 0:21 | Encolar | Villager (Male) |
| 0:21 | Encolar | Villager (Male) |
| 1:29 | Encolar | Villager (Male) |
| 1:29 | Encolar | Villager (Male) |
| 1:53 | Encolar | Villager (Male) |
| 1:55 | Encolar | Villager (Male) |
| 2:12 | Construir | Mill |
| 2:34 | Encolar | Villager (Male) |
| 2:34 | Encolar | Villager (Male) |
| 2:34 | Encolar | Villager (Male) |
| 2:35 | Encolar | Villager (Male) |
| 2:53 | Encolar | Villager (Male) |
| 2:54 | Encolar | Villager (Male) |
| 2:54 | Encolar | Villager (Male) |
| 3:22 | Encolar | Villager (Male) |
| 4:15 | Encolar | Villager (Male) |
| 4:15 | Encolar | Villager (Male) |
| 4:15 | Encolar | Villager (Male) |
| 5:06 | Construir | Mining Camp |
| 5:43 | Investigar | Feudal Age |
| 7:46 | Encolar | Villager (Male) |
| 7:46 | Encolar | Villager (Male) |
| 8:00 | Edad | Edad Feudal |
| 8:02 | Construir | Market |
| 8:05 | Construir | Blacksmith |
| 8:27 | Construir | Farm |
| 8:35 | Investigar | Loom |
| 9:02 | Construir | Farm |
| 9:25 | Investigar | Castle Age |
| 10:00 | Investigar | Double-Bit Axe |
| 10:07 | Construir | Farm |
| 10:08 | Construir | Farm |
| 10:08 | Construir | Farm |
| 11:19 | Investigar | Gold Mining |
| 11:22 | Encolar | Villager (Male) |
| 11:25 | Encolar | Villager (Male) |
| 11:31 | Encolar | Spearman |
| 12:05 | Edad | Edad de los Castillos |
| 12:08 | Construir | Town Center |
| 12:08 | Encolar | Villager (Male) |
| 12:09 | Encolar | Villager (Male) |
| 12:09 | Encolar | Villager (Male) |
| 12:28 | Construir | Town Center |
| 12:40 | Investigar | Bow Saw |
| 13:06 | Construir | Monastery |
| 13:10 | Encolar | Villager (Male) |
| 13:38 | Encolar | Villager (Male) |
| 13:38 | Encolar | Villager (Male) |
| 13:40 | Encolar | Villager (Male) |
| 13:41 | Encolar | Monk |
| 13:51 | Encolar | Villager (Male) |
| 13:52 | Encolar | Villager (Male) |
| 13:56 | Construir | Farm |
| 14:08 | Encolar | Villager (Male) |
| 14:16 | Construir | Farm |
| 14:20 | Construir | Farm |
| 14:24 | Encolar | Villager (Male) |
| 14:28 | Encolar | Villager (Male) |
| 14:31 | Encolar | Villager (Male) |
| 14:44 | Construir | Farm |
| 14:50 | Encolar | Villager (Male) |
| 15:06 | Encolar | Villager (Male) |
| 15:07 | Encolar | Villager (Male) |
| 15:07 | Encolar | Villager (Male) |
| 15:12 | Construir | Farm |
| 15:40 | Encolar | Villager (Male) |
| 15:41 | Encolar | Villager (Male) |
| 15:41 | Encolar | Villager (Male) |
| 15:49 | Construir | Farm |
| 15:53 | Construir | Farm |
| 15:54 | Construir | Farm |
| 15:56 | Construir | Farm |
| 15:59 | Encolar | Villager (Male) |
| 16:00 | Encolar | Villager (Male) |
| 16:00 | Encolar | Villager (Male) |
| 16:04 | Construir | Farm |
| 16:09 | Construir | Farm |
| 16:11 | Encolar | Monk |
| 16:15 | Encolar | Villager (Male) |
| 16:15 | Encolar | Villager (Male) |
| 16:21 | Construir | Farm |
| 16:32 | Encolar | Villager (Male) |
| 16:33 | Encolar | Villager (Male) |
| 16:38 | Construir | Farm |
| 16:46 | Encolar | Villager (Male) |
| 16:47 | Encolar | Villager (Male) |
| 17:02 | Encolar | Villager (Male) |
| 17:02 | Encolar | Villager (Male) |
| 17:03 | Encolar | Villager (Male) |
| 17:09 | Construir | House |
| 17:10 | Construir | House |
| 17:10 | Construir | House |
| 17:15 | Investigar | Stone Mining |
| 17:18 | Construir | Farm |
| 17:23 | Construir | Farm |
| 17:42 | Investigar | Wheelbarrow |
| 17:44 | Encolar | Villager (Male) |
| 17:50 | Encolar | Villager (Male) |
| 17:54 | Construir | Farm |
| 18:06 | Encolar | Villager (Male) |
| 18:07 | Encolar | Villager (Male) |
| 18:12 | Encolar | Villager (Male) |
| 18:19 | Construir | House |
| 18:19 | Construir | House |
| 18:21 | Construir | House |
| 18:22 | Construir | House |
| 18:26 | Encolar | Villager (Male) |
| 18:26 | Encolar | Villager (Male) |
| 18:36 | Investigar | Town Watch |
| 18:39 | Encolar | Villager (Male) |
| 18:51 | Construir | Mill |
| 18:52 | Construir | Farm |
| 18:53 | Construir | Farm |
| 18:53 | Construir | Farm |
| 18:53 | Construir | Farm |
| 18:53 | Construir | Farm |
| 18:54 | Construir | Farm |
| 19:10 | Encolar | Villager (Male) |
| 19:10 | Encolar | Villager (Male) |
| 19:10 | Encolar | Villager (Male) |
| 19:11 | Encolar | Villager (Male) |
| 19:16 | Encolar | Villager (Male) |
| 19:31 | Encolar | Villager (Male) |
| 19:32 | Encolar | Villager (Male) |
| 19:32 | Encolar | Villager (Male) |
| 19:32 | Encolar | Villager (Male) |
| 20:02 | Construir | Castle |
| 20:05 | Encolar | Throwing Axeman |
| 20:05 | Encolar | Throwing Axeman |
| 20:13 | Construir | Stable |
| 20:14 | Encolar | Villager (Male) |
| 20:14 | Encolar | Villager (Male) |
| 20:14 | Encolar | Villager (Male) |
| 20:15 | Encolar | Villager (Male) |
| 20:15 | Encolar | Villager (Male) |
| 20:17 | Construir | Farm |
| 20:49 | Construir | Stable |
| 21:07 | Encolar | Villager (Male) |
| 21:07 | Encolar | Villager (Male) |
| 21:08 | Encolar | Villager (Male) |
| 21:08 | Encolar | Villager (Male) |
| 21:08 | Encolar | Villager (Male) |
| 21:21 | Construir | Stable |
| 21:23 | Construir | Stable |
| 21:25 | Encolar | Knight |
Build order — German3333
Primeras 150 de 407 acciones detectadas
| 0:01 | Encolar | Villager (Male) ×4 |
| 0:10 | Construir | Lumber Camp |
| 0:55 | Construir | Mill |
| 1:35 | Encolar | Villager (Male) |
| 1:35 | Encolar | Villager (Male) |
| 2:04 | Encolar | Villager (Male) |
| 2:05 | Encolar | Villager (Male) |
| 2:05 | Encolar | Villager (Male) |
| 2:30 | Encolar | Villager (Male) |
| 2:30 | Encolar | Villager (Male) |
| 2:45 | Encolar | Villager (Male) |
| 2:45 | Encolar | Villager (Male) |
| 2:46 | Encolar | Villager (Male) |
| 3:32 | Encolar | Villager (Male) |
| 3:33 | Encolar | Villager (Male) |
| 3:51 | Encolar | Villager (Male) |
| 3:51 | Encolar | Villager (Male) |
| 3:51 | Encolar | Villager (Male) |
| 3:51 | Encolar | Villager (Male) |
| 4:24 | Construir | Farm |
| 4:25 | Construir | Farm |
| 4:27 | Construir | Farm |
| 4:32 | Construir | Farm |
| 4:34 | Encolar | Villager (Male) |
| 5:12 | Construir | Mining Camp |
| 5:30 | Encolar | Villager (Male) |
| 5:52 | Investigar | Feudal Age |
| 5:56 | Construir | Mining Camp |
| 5:59 | Encolar | Villager (Male) |
| 6:00 | Encolar | Villager (Male) |
| 6:18 | Encolar | Villager (Male) |
| 8:26 | Edad | Edad Feudal |
| 8:28 | Construir | Market |
| 8:30 | Construir | Blacksmith |
| 9:20 | Investigar | Castle Age |
| 9:21 | Investigar | Castle Age |
| 9:59 | Investigar | Double-Bit Axe |
| 10:07 | Investigar | Horse Collar |
| 10:08 | Investigar | Horse Collar |
| 10:50 | Investigar | Fletching |
| 10:51 | Investigar | Loom |
| 12:00 | Edad | Edad de los Castillos |
| 12:07 | Encolar | Ratha (Ranged) |
| 12:35 | Construir | Town Center |
| 12:38 | Encolar | Villager (Male) |
| 12:39 | Encolar | Villager (Male) |
| 13:04 | Encolar | Villager (Male) |
| 13:21 | Encolar | Ratha (Ranged) |
| 13:25 | Encolar | Villager (Male) |
| 13:38 | Construir | Castle |
| 13:42 | Construir | Farm |
| 13:48 | Construir | Town Center |
| 13:57 | Encolar | Ratha (Ranged) |
| 13:59 | Encolar | Villager (Male) |
| 14:00 | Encolar | Villager (Male) |
| 14:12 | Construir | House |
| 14:34 | Encolar | Villager (Male) |
| 14:34 | Encolar | Villager (Male) |
| 14:36 | Encolar | Ratha (Ranged) |
| 15:07 | Encolar | Villager (Male) |
| 15:07 | Encolar | Villager (Male) |
| 15:20 | Encolar | Villager (Male) |
| 15:20 | Encolar | Villager (Male) |
| 15:27 | Construir | Farm |
| 15:34 | Encolar | Villager (Male) |
| 15:34 | Encolar | Villager (Male) |
| 15:52 | Construir | Farm |
| 15:56 | Encolar | Villager (Male) |
| 15:56 | Encolar | Villager (Male) |
| 16:00 | Construir | Farm |
| 16:10 | Encolar | Villager (Male) |
| 16:10 | Encolar | Villager (Male) |
| 16:17 | Construir | Farm |
| 16:25 | Encolar | Villager (Male) |
| 16:25 | Encolar | Villager (Male) |
| 16:25 | Encolar | Villager (Male) |
| 16:28 | Construir | Farm |
| 16:33 | Construir | Farm |
| 16:44 | Encolar | Villager (Male) |
| 16:44 | Encolar | Villager (Male) |
| 16:54 | Encolar | Villager (Male) |
| 16:54 | Encolar | Villager (Male) |
| 17:00 | Construir | Farm |
| 17:13 | Encolar | Villager (Male) |
| 17:13 | Encolar | Villager (Male) |
| 17:22 | Encolar | Villager (Male) |
| 17:22 | Encolar | Villager (Male) |
| 17:30 | Construir | Monastery |
| 17:35 | Encolar | Ratha (Ranged) |
| 17:35 | Encolar | Ratha (Ranged) |
| 17:40 | Encolar | Villager (Male) |
| 17:41 | Encolar | Villager (Male) |
| 17:52 | Encolar | Villager (Male) |
| 17:52 | Encolar | Villager (Male) |
| 17:57 | Construir | Farm |
| 18:01 | Encolar | Villager (Male) |
| 18:01 | Encolar | Villager (Male) |
| 18:09 | Construir | Stone Wall |
| 18:14 | Encolar | Villager (Male) |
| 18:15 | Encolar | Villager (Male) |
| 18:50 | Encolar | Villager (Male) |
| 18:50 | Encolar | Villager (Male) |
| 18:51 | Encolar | Villager (Male) |
| 18:52 | Construir | Farm |
| 18:56 | Construir | Stone Wall |
| 18:58 | Encolar | Monk |
| 19:03 | Encolar | Ratha (Ranged) |
| 19:03 | Encolar | Ratha (Ranged) |
| 19:07 | Encolar | Monk |
| 19:09 | Construir | House |
| 19:17 | Investigar | Bodkin Arrow |
| 19:17 | Investigar | Bodkin Arrow |
| 19:18 | Encolar | Ratha (Ranged) |
| 19:18 | Encolar | Ratha (Ranged) |
| 19:21 | Encolar | Ratha (Ranged) |
| 19:21 | Encolar | Ratha (Ranged) |
| 19:23 | Construir | House |
| 19:48 | Investigar | Scale Barding Armor |
| 20:13 | Encolar | Ratha (Ranged) |
| 20:13 | Encolar | Ratha (Ranged) |
| 20:14 | Encolar | Ratha (Ranged) |
| 20:14 | Encolar | Ratha (Ranged) |
| 20:26 | Encolar | Ratha (Ranged) |
| 20:26 | Encolar | Ratha (Ranged) |
| 20:33 | Encolar | Villager (Male) |
| 20:33 | Encolar | Villager (Male) |
| 20:34 | Encolar | Villager (Male) |
| 20:34 | Encolar | Villager (Male) |
| 21:17 | Construir | Stable |
| 21:18 | Encolar | Villager (Male) |
| 21:19 | Encolar | Villager (Male) |
| 21:19 | Encolar | Villager (Male) |
| 21:21 | Construir | Farm |
| 21:24 | Construir | Farm |
| 21:26 | Construir | Farm |
| 21:34 | Encolar | Ratha (Ranged) |
| 21:34 | Encolar | Ratha (Ranged) |
| 21:34 | Encolar | Villager (Male) |
| 21:35 | Encolar | Villager (Male) |
| 21:35 | Encolar | Villager (Male) |
| 21:35 | Encolar | Villager (Male) |
| 21:37 | Encolar | Ratha (Ranged) |
| 21:37 | Encolar | Ratha (Ranged) |
| 21:38 | Encolar | Ratha (Ranged) |
| 21:38 | Encolar | Ratha (Ranged) |
| 22:02 | Investigar | Chain Barding Armor |
| 22:02 | Investigar | Chain Barding Armor |
| 22:14 | Investigar | Gambesons |
| 22:18 | Investigar | Bloodlines |
| 22:52 | Encolar | Villager (Male) |
Build order — 105er.Genius
Primeras 150 de 304 acciones detectadas
| 0:01 | Encolar | Villager (Male) |
| 0:01 | Encolar | Villager (Male) |
| 0:01 | Encolar | Villager (Male) |
| 0:02 | Encolar | Villager (Male) |
| 0:08 | Construir | Lumber Camp |
| 0:29 | Construir | Mill |
| 1:02 | Encolar | Villager (Male) |
| 1:02 | Encolar | Villager (Male) |
| 1:40 | Encolar | Villager (Male) |
| 1:41 | Encolar | Villager (Male) |
| 1:41 | Encolar | Villager (Male) |
| 2:30 | Encolar | Villager (Male) |
| 2:30 | Encolar | Villager (Male) |
| 2:31 | Encolar | Villager (Male) |
| 3:11 | Encolar | Villager (Male) |
| 3:44 | Investigar | Double-Bit Axe |
| 3:56 | Encolar | Villager (Male) |
| 3:56 | Encolar | Villager (Male) |
| 4:07 | Investigar | Horse Collar |
| 4:14 | Construir | Farm |
| 4:15 | Construir | Farm |
| 4:42 | Encolar | Villager (Male) |
| 4:43 | Encolar | Villager (Male) |
| 5:02 | Construir | Farm |
| 5:10 | Encolar | Villager (Male) |
| 5:11 | Encolar | Villager (Male) |
| 5:25 | Investigar | Loom |
| 5:29 | Construir | Farm |
| 5:54 | Construir | Mining Camp |
| 6:03 | Investigar | Feudal Age |
| 6:22 | Construir | Farm |
| 6:23 | Construir | Farm |
| 7:03 | Encolar | Villager (Male) |
| 7:03 | Encolar | Villager (Male) |
| 8:26 | Edad | Edad Feudal |
| 8:30 | Construir | Market |
| 8:31 | Construir | Blacksmith |
| 9:02 | Construir | Mining Camp |
| 9:21 | Investigar | Castle Age |
| 9:22 | Investigar | Castle Age |
| 9:47 | Investigar | Bow Saw |
| 11:31 | Construir | House |
| 11:33 | Construir | House |
| 11:34 | Construir | House |
| 11:50 | Encolar | Villager (Male) |
| 11:51 | Encolar | Villager (Male) |
| 12:01 | Edad | Edad de los Castillos |
| 12:05 | Construir | Town Center |
| 12:22 | Construir | Monastery |
| 12:28 | Construir | House |
| 12:29 | Construir | House |
| 12:40 | Construir | House |
| 13:19 | Encolar | Monk |
| 13:19 | Encolar | Monk |
| 14:06 | Construir | Farm |
| 14:21 | Encolar | Villager (Male) |
| 14:21 | Encolar | Villager (Male) |
| 14:22 | Encolar | Villager (Male) |
| 14:22 | Encolar | Villager (Male) |
| 14:22 | Encolar | Villager (Male) |
| 14:23 | Encolar | Villager (Male) |
| 14:23 | Encolar | Villager (Male) |
| 14:23 | Encolar | Villager (Male) |
| 14:32 | Encolar | Coustillier |
| 14:32 | Encolar | Coustillier |
| 14:51 | Construir | Farm |
| 14:51 | Construir | Farm |
| 14:52 | Construir | Farm |
| 14:54 | Investigar | Forging |
| 15:15 | Encolar | Coustillier |
| 15:16 | Encolar | Villager (Male) |
| 15:16 | Encolar | Villager (Male) |
| 15:16 | Encolar | Villager (Male) |
| 15:17 | Encolar | Villager (Male) |
| 15:17 | Encolar | Villager (Male) |
| 16:07 | Encolar | Villager (Male) |
| 16:07 | Encolar | Villager (Male) |
| 16:08 | Encolar | Villager (Male) |
| 16:11 | Construir | Farm |
| 16:29 | Encolar | Monk |
| 16:30 | Encolar | Monk |
| 17:01 | Encolar | Coustillier |
| 17:02 | Encolar | Coustillier |
| 17:03 | Encolar | Villager (Male) |
| 17:03 | Encolar | Villager (Male) |
| 17:03 | Encolar | Villager (Male) |
| 17:05 | Investigar | Wheelbarrow |
| 17:44 | Encolar | Villager (Male) |
| 17:44 | Encolar | Villager (Male) |
| 17:51 | Investigar | Two-Man Saw |
| 17:53 | Investigar | Heavy Plow |
| 17:55 | Encolar | Villager (Male) |
| 18:03 | Encolar | Villager (Male) |
| 18:04 | Encolar | Villager (Male) |
| 18:11 | Encolar | Coustillier |
| 18:11 | Encolar | Coustillier |
| 18:17 | Investigar | Scale Barding Armor |
| 18:26 | Construir | Castle |
| 19:39 | Encolar | Coustillier |
| 19:39 | Encolar | Coustillier |
| 19:39 | Encolar | Coustillier |
| 19:44 | Investigar | Chain Barding Armor |
| 19:44 | Investigar | Iron Casting |
| 20:19 | Encolar | Villager (Male) |
| 20:19 | Encolar | Villager (Male) |
| 20:19 | Encolar | Villager (Male) |
| 20:19 | Encolar | Villager (Male) |
| 20:19 | Encolar | Villager (Male) |
| 20:20 | Encolar | Villager (Male) |
| 20:25 | Construir | Farm |
| 20:25 | Construir | Farm |
| 20:25 | Construir | Farm |
| 20:27 | Construir | Farm |
| 20:28 | Construir | Farm |
| 20:35 | Investigar | Loom |
| 20:54 | Encolar | Villager (Male) |
| 20:54 | Encolar | Villager (Male) |
| 20:55 | Encolar | Villager (Male) |
| 21:03 | Construir | Farm |
| 21:04 | Construir | Farm |
| 21:04 | Construir | Farm |
| 21:05 | Construir | Farm |
| 21:07 | Construir | Farm |
| 21:16 | Encolar | Coustillier |
| 21:16 | Encolar | Coustillier |
| 21:16 | Encolar | Coustillier |
| 21:17 | Encolar | Coustillier |
| 21:18 | Encolar | Coustillier |
| 22:11 | Encolar | Villager (Male) |
| 22:11 | Encolar | Villager (Male) |
| 22:12 | Encolar | Villager (Male) |
| 22:13 | Encolar | Villager (Male) |
| 22:13 | Encolar | Villager (Male) |
| 22:17 | Construir | Farm |
| 22:17 | Construir | Farm |
| 22:17 | Construir | Farm |
| 22:17 | Construir | Farm |
| 22:23 | Investigar | Gold Mining |
| 22:25 | Investigar | Iron Casting |
| 22:50 | Investigar | Fervor |
| 23:02 | Construir | Stable |
| 23:38 | Encolar | Villager (Male) |
| 23:38 | Encolar | Villager (Male) |
| 23:38 | Encolar | Villager (Male) |
| 23:38 | Encolar | Villager (Male) |
| 23:39 | Encolar | Villager (Male) |
| 23:39 | Encolar | Villager (Male) |
| 23:51 | Investigar | Husbandry |
| 23:55 | Encolar | Coustillier |
| 23:55 | Encolar | Coustillier |
Build order — Akazaa
Primeras 150 de 446 acciones detectadas
| 0:03 | Encolar | Villager (Male) |
| 0:04 | Encolar | Villager (Male) |
| 0:06 | Construir | Lumber Camp |
| 0:10 | Encolar | Villager (Male) |
| 0:10 | Encolar | Villager (Male) |
| 0:10 | Encolar | Villager (Male) |
| 0:11 | Encolar | Villager (Male) |
| 0:16 | Construir | Mill |
| 0:53 | Encolar | Villager (Male) |
| 0:54 | Encolar | Villager (Male) |
| 1:18 | Encolar | Villager (Male) |
| 1:18 | Encolar | Villager (Male) |
| 2:09 | Encolar | Villager (Male) |
| 2:10 | Encolar | Villager (Male) |
| 2:10 | Encolar | Villager (Male) |
| 2:10 | Encolar | Villager (Male) |
| 2:10 | Encolar | Villager (Male) |
| 2:45 | Encolar | Villager (Male) |
| 2:46 | Encolar | Villager (Male) |
| 3:22 | Encolar | Villager (Male) |
| 4:03 | Investigar | Loom |
| 4:32 | Construir | Lumber Camp |
| 4:40 | Investigar | Feudal Age |
| 5:24 | Encolar | Villager (Male) |
| 5:24 | Encolar | Villager (Male) |
| 5:24 | Encolar | Villager (Male) |
| 6:50 | Edad | Edad Feudal |
| 6:53 | Investigar | Double-Bit Axe |
| 6:53 | Investigar | Horse Collar |
| 6:54 | Investigar | Horse Collar |
| 7:02 | Construir | Market |
| 7:04 | Construir | Blacksmith |
| 7:17 | Construir | Farm |
| 7:18 | Encolar | Villager (Male) |
| 7:43 | Construir | Mining Camp |
| 7:47 | Encolar | Villager (Male) |
| 8:37 | Encolar | Villager (Male) |
| 9:02 | Construir | Mining Camp |
| 9:04 | Encolar | Villager (Male) |
| 9:26 | Encolar | Villager (Male) |
| 9:55 | Encolar | Villager (Male) |
| 10:12 | Construir | Farm |
| 10:33 | Encolar | Villager (Male) |
| 10:39 | Construir | Farm |
| 10:40 | Construir | Farm |
| 10:46 | Construir | Farm |
| 10:55 | Encolar | Villager (Male) |
| 11:23 | Construir | Farm |
| 11:28 | Encolar | Villager (Male) |
| 11:46 | Investigar | Castle Age |
| 11:47 | Investigar | Castle Age |
| 12:06 | Construir | House |
| 12:07 | Construir | House |
| 12:09 | Construir | House |
| 12:10 | Construir | House |
| 12:40 | Construir | Stone Wall |
| 12:43 | Construir | Gate |
| 13:00 | Encolar | Villager (Male) |
| 14:33 | Edad | Edad de los Castillos |
| 14:36 | Construir | Town Center |
| 14:41 | Construir | Town Center |
| 14:45 | Encolar | Villager (Male) |
| 15:05 | Encolar | Villager (Male) |
| 15:23 | Construir | Town Center |
| 15:26 | Encolar | Villager (Male) |
| 15:53 | Encolar | Villager (Male) |
| 16:10 | Encolar | Villager (Male) |
| 16:11 | Encolar | Villager (Male) |
| 16:20 | Investigar | Bow Saw |
| 16:21 | Investigar | Heavy Plow |
| 16:21 | Investigar | Heavy Plow |
| 16:23 | Encolar | Villager (Male) |
| 16:24 | Encolar | Villager (Male) |
| 16:26 | Encolar | Villager (Male) |
| 16:47 | Encolar | Villager (Male) |
| 16:48 | Encolar | Villager (Male) |
| 16:57 | Construir | Farm |
| 16:59 | Construir | Farm |
| 17:03 | Construir | Farm |
| 17:10 | Construir | Farm |
| 17:12 | Encolar | Villager (Male) |
| 17:16 | Encolar | Villager (Male) |
| 17:26 | Encolar | Villager (Male) |
| 17:27 | Encolar | Villager (Male) |
| 18:12 | Construir | Stone Wall |
| 18:12 | Construir | Stone Wall |
| 18:12 | Encolar | Villager (Male) |
| 18:12 | Encolar | Villager (Male) |
| 18:12 | Encolar | Villager (Male) |
| 18:12 | Encolar | Villager (Male) |
| 18:12 | Encolar | Villager (Male) |
| 18:12 | Encolar | Villager (Male) |
| 18:28 | Construir | Farm |
| 18:36 | Encolar | Villager (Male) |
| 18:36 | Encolar | Villager (Male) |
| 18:37 | Encolar | Villager (Male) |
| 18:37 | Encolar | Villager (Male) |
| 18:38 | Encolar | Villager (Male) |
| 18:38 | Encolar | Villager (Male) |
| 19:02 | Encolar | Villager (Male) |
| 19:03 | Construir | Farm |
| 19:15 | Construir | Gate |
| 19:19 | Construir | Stone Wall |
| 19:28 | Encolar | Villager (Male) |
| 19:29 | Encolar | Villager (Male) |
| 19:29 | Encolar | Villager (Male) |
| 19:30 | Encolar | Villager (Male) |
| 19:31 | Encolar | Villager (Male) |
| 19:32 | Encolar | Villager (Male) |
| 19:35 | Construir | Mill |
| 19:36 | Construir | Farm |
| 19:37 | Construir | Farm |
| 19:38 | Construir | Farm |
| 19:38 | Construir | Farm |
| 19:39 | Construir | Farm |
| 19:40 | Construir | Farm |
| 19:48 | Encolar | Keshik |
| 19:49 | Encolar | Keshik |
| 20:16 | Encolar | Keshik |
| 20:23 | Construir | Mill |
| 20:24 | Construir | Farm |
| 20:25 | Construir | Farm |
| 20:26 | Construir | Farm |
| 20:27 | Construir | Farm |
| 20:29 | Construir | Farm |
| 20:30 | Construir | Farm |
| 20:31 | Construir | Farm |
| 20:32 | Construir | Farm |
| 20:33 | Construir | Farm |
| 20:34 | Construir | Farm |
| 20:37 | Encolar | Villager (Male) |
| 20:38 | Encolar | Villager (Male) |
| 20:38 | Encolar | Villager (Male) |
| 20:39 | Encolar | Villager (Male) |
| 20:48 | Encolar | Keshik |
| 21:11 | Investigar | Scale Barding Armor |
| 21:11 | Investigar | Scale Barding Armor |
| 21:13 | Encolar | Keshik |
| 21:16 | Encolar | Keshik |
| 21:22 | Encolar | Villager (Male) |
| 21:22 | Encolar | Villager (Male) |
| 21:27 | Construir | Farm |
| 21:28 | Encolar | Villager (Male) |
| 21:32 | Construir | Mill |
| 21:33 | Construir | Farm |
| 21:35 | Construir | Farm |
| 21:36 | Construir | Farm |
| 21:37 | Construir | Farm |
| 21:42 | Construir | Farm |
| 21:43 | Construir | Farm |
Cronología de la partida
| 6:50 | Akazaa · age_up feudal |
| 8:00 | Grumpy_Beto · age_up feudal |
| 8:08 | 105er.DarkSheep · age_up feudal |
| 8:20 | 105er.DarkSheep · first_building Archery Range |
| 8:26 | 105er.Genius · age_up feudal |
| 8:26 | German3333 · age_up feudal |
| 8:27 | 105er.ahnungslos90 · age_up feudal |
| 11:41 | Akazaa · first_market_buy 100 food |
| 11:41 | Akazaa · first_market_sell 100 wood |
| 11:51 | 105er.DarkSheep · age_up castle |
| 12:00 | German3333 · age_up castle |
| 12:01 | 105er.ahnungslos90 · age_up castle |
| 12:01 | 105er.Genius · age_up castle |
| 12:05 | Grumpy_Beto · age_up castle |
| 12:10 | 105er.ahnungslos90 · first_building Siege Workshop |
| 12:22 | 105er.Genius · first_building Monastery |
| 12:40 | Akazaa · wall_segment Stone Wall x19 |
| 13:06 | Grumpy_Beto · first_building Monastery |
| 13:38 | German3333 · first_building Castle |
| 14:33 | Akazaa · age_up castle |
| 14:56 | 105er.ahnungslos90 · first_market_buy 100 wood |
| 15:06 | Grumpy_Beto · first_market_buy 100 food |
| 16:24 | German3333 · first_market_buy 100 food |
| 16:52 | 105er.ahnungslos90 · first_market_sell 100 stone |
| 17:30 | German3333 · first_building Monastery |
| 18:09 | German3333 · wall_segment Stone Wall x9 |
| 18:12 | Akazaa · wall_segment Stone Wall x9 |
| 18:12 | Akazaa · wall_segment Stone Wall x26 |
| 18:26 | 105er.Genius · first_building Castle |
| 18:28 | 105er.DarkSheep · first_building Stable |
| 18:56 | German3333 · wall_segment Stone Wall x8 |
| 18:59 | 105er.DarkSheep · first_market_buy 100 wood |
| 19:19 | Akazaa · wall_segment Stone Wall x4 |
| 19:20 | German3333 · first_market_sell 100 stone |
| 20:02 | Grumpy_Beto · first_building Castle |
| 20:13 | Grumpy_Beto · first_building Stable |
| 21:17 | German3333 · first_building Stable |
| 22:25 | 105er.ahnungslos90 · first_building Barracks |
| 22:45 | Akazaa · first_building Stable |
| 23:02 | 105er.Genius · first_building Stable |
| 24:29 | 105er.Genius · first_market_sell 100 stone |
| 24:31 | 105er.Genius · first_market_buy 100 food |
| 25:09 | 105er.Genius · wall_segment Stone Wall x7 |
| 26:34 | Grumpy_Beto · age_up imperial |
| 26:36 | Akazaa · first_building Castle |
| 26:50 | Akazaa · first_building Siege Workshop |
| 26:58 | Akazaa · age_up imperial |
| 27:20 | 105er.DarkSheep · wall_segment Stone Wall x17 |
| 27:40 | Grumpy_Beto · first_market_sell 500 wood |
| 28:03 | 105er.Genius · age_up imperial |
| 28:53 | 105er.DarkSheep · wall_segment Stone Wall x10 |
| 29:23 | German3333 · first_building Archery Range |
| 29:34 | 105er.DarkSheep · first_building Monastery |
| 29:39 | 105er.Genius · wall_segment Stone Wall x7 |
| 29:43 | 105er.Genius · wall_segment Stone Wall x6 |
| 33:12 | 105er.DarkSheep · age_up imperial |
| 33:19 | 105er.DarkSheep · first_market_sell 100 stone |
| 34:57 | 105er.DarkSheep · wall_segment Stone Wall x7 |
| 35:14 | 105er.Genius · wall_segment Stone Wall x12 |
| 35:54 | 105er.ahnungslos90 · wall_segment Palisade Wall x1 |
| 36:41 | Grumpy_Beto · first_building Siege Workshop |
| 36:59 | 105er.Genius · first_building Barracks |
| 37:28 | 105er.ahnungslos90 · wall_segment Palisade Wall x1 |
| 37:33 | 105er.Genius · wall_segment Stone Wall x5 |
| 39:10 | 105er.ahnungslos90 · first_building Castle |
| 39:44 | German3333 · age_up imperial |
| 41:03 | 105er.Genius · wall_segment Stone Wall x7 |
| 41:20 | 105er.DarkSheep · resign |
[ ANÁLISIS IA · 1 CRÉDITO ]
¿Qué pasó realmente en esta partida?
Wolo.gg analiza cada decisión: build order, eco, micro, errores típicos por bracket. Análisis personalizado por WhatsApp o Discord en 30 segundos.
Guía civ
Hunos
Perfil
Jugador #939644